 Dungeon Crawl Stone Soup version 0.29.1-12-g30fa7ad0bf (webtiles) character file.

Game seed: 13689325226377198168

53 DildoBatman the Conjurer (level 4, -2/24 (32) HPs)
             Began as a Formicid Conjurer on Jan 18, 2023.
             Slain by a kobold
             ... wielding a +0 dagger
              (4 damage)
             ... on level 2 of the Dungeon.
             The game lasted 00:03:05 (1229 turns).

DildoBatman the Conjurer (Formicid Conjurer)        Turns: 1229, Time: 00:03:05

HP:   -2/24 (32)    AC:  2    Str: 12    XL:     4   Next: 11%
MP:   3/8           EV: 12    Int: 19    God:
Gold: 47            SH:  5    Dex: 12    Spells: 5/8 levels left

rFire   . . .      SeeInvis +   c - +0 spear
rCold   . . .      Faith    .   (no shield)
rNeg    . . .      Spirit   .   a - +0 robe
rPois   .          Reflect  +   (helmet unavailable)
rElec   .          Harm     .   (no cloak)
rCorr   .          Rampage  .   (no gloves)
Will    .....                   (no boots)
Stlth   ++........              g - amulet of reflection
HPRegen 0.08/turn               (no ring)
MPRegen 0.11/turn               (no ring)

@: very heavily drained
A: permanent stasis, dig shafts and tunnels, antennae 3, four strong arms
a: Dig, Shaft Self


You were on level 2 of the Dungeon.
You visited 1 branch of the dungeon, and saw 2 of its levels.

You collected 47 gold pieces.

Inventory:

Hand Weapons
 c - a +0 spear (weapon)
Missiles
 k - 2 poisoned darts
 l - 11 stones
Armour
 a - a +0 robe (worn)
Jewellery
 g - an amulet of reflection (around neck)
Wands
 n - a wand of quicksilver (12)
Scrolls
 d - a scroll of blinking {unknown}
 e - a scroll of torment {unknown}
 f - a scroll of enchant armour {unknown}
 h - a scroll of summoning {unknown}
 m - a scroll of immolation {unknown}
Potions
 b - a potion of magic
 i - a potion of haste {unknown}
 j - 2 potions of curing {unknown}


   Skills:
 * Level 1.5 Fighting
 * Level 1.7 Armour
 - Level 2.0 Dodging
 - Level 2.4 Stealth
 * Level 2.7 Spellcasting
 * Level 3.9 Conjurations


You had 5 spell levels left.
You knew the following spells:

 Your Spells              Type           Power      Damage    Failure   Level
a - Searing Ray           Conj           34%        2d5       4%          2
c - Magic Dart            Conj           68%        1d6       3%          1

Your spell library contained the following spells:

 Spells                   Type           Power      Damage    Failure   Level
 Dazzling Flash           Conj/Hex       20%        N/A       22%         3
 Fulminant Prism          Conj/Hex       5%         3d7       56%         4
 Iskenderun's Mystic Bla  Conj/Tloc      10%        2d4       56%         4


Dungeon Overview and Level Annotations

Branches:
Dungeon (2/15)

Altars:

Annotations:
D:1 exclusion: ragged hierophant
D:2 Natasha


Innate Abilities, Weirdness & Mutations

You cannot be hasted, slowed, berserked, paralysed or teleported.
You can dig through walls and to a lower floor.
You have a pair of large antennae on your head. (SInv)
Your four strong arms can wield two-handed weapons with a shield.


Message History

r - Retreat! s - Stop attacking. g - Guard the area. f - Follow me.
Anything else - Cancel.
You shout for attention!
The kobold hits you but does no damage. What are your orders? t - Shout!
Orders for allies: a - Attack new target. p - Attack previous target. r - Retreat! s - Stop attacking. g - Guard the area. f - Follow me.
Anything else - Cancel.
You shout for attention!
The kobold hits you with a +0 dagger. The worm closely misses you.
What are your orders? t - Shout!
Orders for allies: a - Attack new target. p - Attack previous target. r - Retreat! s - Stop attacking. g - Guard the area. f - Follow me.
Anything else - Cancel.
You shout for attention!
The kobold hits you with a +0 dagger. What are your orders? t - Shout!
Orders for allies: a - Attack new target. p - Attack previous target. r - Retreat! s - Stop attacking. g - Guard the area. f - Follow me.
Anything else - Cancel.
You shout for attention!
The kobold barely misses you. The worm bites you.
What are your orders? t - Shout!
Orders for allies: a - Attack new target. p - Attack previous target. r - Retreat! s - Stop attacking. g - Guard the area. f - Follow me.
Anything else - Cancel.
You shout for attention!
The kobold hits you with a +0 dagger.
You die...

### ..# ####.#
####....# ###
#.......########.#
#........K.#
#)#..#####w@#
#.#.#.## #..#
#?#{##..## #.##
#[K{# #...###.##
#K#!# #.#......#
#.#.# #.#####..#
.#.# ..# #..# ..#
..## #.># .. ..#
#..#


You could see a worm and a kobold.

Vanquished Creatures
  2 gnolls (D:1)
  An adder (D:2)
  A worm (D:2)
  2 endoplasms (D:1)
  3 giant cockroaches (D:1)
  3 hobgoblins
  4 ball pythons (D:1)
  3 bats
  2 frilled lizards
  2 kobolds
  A rat (D:1)
24 creatures vanquished.

Notes
Turn   | Place    | Note
-------+----------+-------------------------------------------
     0 | D:1      | DildoBatman the Formicid Conjurer began the quest for the
                  | Orb.
     0 | D:1      | Reached XP level 1. HP: 13/13 MP: 3/3
     6 | D:1      | Noticed a ragged hierophant
     6 | D:1      | Noticed a tyrant leech
     6 | D:1      | Noticed a komodo dragon
     7 | D:1      | Noticed a frost giant
   362 | D:1      | Reached XP level 2. HP: 20/20 MP: 5/5
   368 | D:1      | Learned a level 2 spell: Searing Ray
   508 | D:1      | Reached skill level 1 in Armour
   551 | D:1      | Reached XP level 3. HP: 13/25 MP: 0/6
   642 | D:1      | Reached skill level 1 in Fighting
  1080 | D:2      | Noticed Natasha
  1207 | D:2      | Reached XP level 4. HP: 20/32 MP: 1/8
  1228 | D:2      | HP: 1/24 [worm (1)]
  1229 | D:2      | Slain by a kobold

Illustrated notes

Levels and vault maps discovered:
D:1:      onia_arrival_zoo_common, layout_basic
D:2:      layout_loops_ring, nicolae_kite_square_tiling_tiny,
          minmay_crystal_room, minmay_circle_x, uniq_jessica, uniq_natasha

Skill      XL: |  1  2  3 |
---------------+----------+-----
Armour         | 1 |  1.7
Dodging        | 2 |  2.0
Fighting       | 1 |  1.5
Stealth        | |  2.4
Spellcasting   | |  2.7
Conjurations   | |  3.9

Action                   |  1- 3 |  4- 6 || total
-------------------------+-------+-------++-------
Melee: Spear             |    30 |       ||    30
 Cast: Magic Dart        |    20 |       ||    20
       Searing Ray       |     5 |       ||     5
 Abil: Dig               |       |     1 ||     1
Armor: Robe              |     6 |     4 ||    10
Dodge: Dodged            |    17 |     9 ||    26
Block: Other             |     3 |     4 ||     7
